 Dungeon Crawl Stone Soup version 0.30-a0-174-gbc10bd73c2 (webtiles) character file.

Game seed: 13190199108558735498

242 qw the Chopper (level 6, -1/38 HPs)
             Began as a Gargoyle Fighter on Oct 1, 2022.
             Was an Initiate of Okawaru.
             Slain by Sigmund
             ... wielding a +1 scythe of protection
              (10 damage)
             ... on level 4 of the Dungeon.
             The game lasted 00:01:00 (2332 turns).

qw the Chopper (Gargoyle Fighter)                   Turns: 2332, Time: 00:01:00

Health: -1/38      AC: 13    Str: 21    XL:     6   Next: 9%
Magic:  6/6        EV:  7    Int:  9    God:    Okawaru [......]
Gold:   147        SH:  4    Dex:  9    Spells: 5/5 levels left

rFire   . . .      SeeInvis .    Y - +1 war axe
rCold   . . .      Faith    .    c - +0 buckler
rNeg    + . .      Spirit   .    e - +0 chain mail
rPois   inf        Reflect  .    (no helmet)
rElec   +          Harm     .    (no cloak)
rCorr   .          Rampage  .    (no gloves)
Will    .....                    (no boots)
Stlth   ..........               (no amulet)
HPRegen 0.26/turn                (no ring)
MPRegen 0.10/turn                (no ring)

@: no status effects
A: sickness immunity, AC +4, negative energy resistance 1, electricity
resistance, torment resistance 1, petrification resistance
a: Renounce Religion


You were on level 4 of the Dungeon.
You worshipped Okawaru.
Okawaru was noncommittal.
You visited 1 branch of the dungeon, and saw 4 of its levels.

You collected 147 gold pieces.


Innate Abilities, Weirdness & Mutations

You are immune to sickness and miasma.
Your stone body is resilient. (AC +4)
You are immune to poison.
You resist negative energy. (rN+)
You are resistant to electric shocks. (rElec)
You are resistant to unholy torment.
You are immune to petrification.


   Skills:
 - Level 4.3 Fighting
 + Level 5.1 Axes
 - Level 3.2 Armour
 - Level 3.2 Shields


You had 5 spell levels left.
You didn't know any spells.
Your spell library was empty.

Inventory:

Hand Weapons
 k - a +1 vampiric whip
 Y - a +1 war axe (weapon)
Armour
 c - a +0 buckler (worn)
 e - a +0 chain mail (worn)
Scrolls
 f - a scroll of identify
Potions
 d - a potion of might
 h - a potion of attraction {unknown}
 i - a potion of lignification
 j - a potion of resistance {unknown}
 l - a potion of curing {unknown}
 n - a potion of degeneration {unknown}

Dungeon Overview and Level Annotations

Branches:
Dungeon (4/15)
 Temple: D:4-7

Altars:
Okawaru

Annotations:
D:4 Sigmund


Message History

The magic dart hits you but does no damage.
You barely miss Sigmund.
Sigmund is moderately wounded.
Sigmund's eyes start glowing with a red light.
Sigmund hits you with a +1 scythe of protection.
You barely miss Sigmund.
Sigmund is moderately wounded.
Sigmund barely misses you.
You closely miss Sigmund.
Sigmund is moderately wounded.
You slash Sigmund!
Sigmund is severely wounded.
Sigmund completely misses you.
You hit Sigmund.
Sigmund is severely wounded.
You barely miss the ogre.
Sigmund hits you with a +1 scythe of protection.
The ogre hits you with a +0 giant spiked club!
You closely miss Sigmund.
Sigmund is severely wounded.
You barely miss the ogre.
Sigmund hits you with a +1 scythe of protection.
You block the ogre's attack.
You barely miss Sigmund.
Sigmund is severely wounded.
You hit the ogre.
A giant cockroach comes into view.
Sigmund hits you with a +1 scythe of protection.
The ogre barely misses you.
The giant cockroach moves out of view.
You hit Sigmund.
Sigmund is almost dead.
You hit the ogre but do no damage.
Sigmund hits you with a +1 scythe of protection.
You closely miss Sigmund.
Sigmund is almost dead.
You slash the ogre! The ogre closely misses you.
Sigmund is suddenly surrounded by pale green light.
Sigmund hits you with a +1 scythe of protection!
You die...

.. #.................
... ######.########..#
...##...##.##...###..#
..................# ..
..................#
....$..%..........#
..................#
........##...##..##
#####..@##...# ..#
#.O@##....# ...
#!........# ..
#.........#
#.........# +.....<.
#...##... #...# ...#


You could see an ogre and Sigmund.

Vanquished Creatures
  A jelly (D:3)
  Jessica (D:3)
  Natasha (thrice) (D:3)
  4 gnolls (D:3)
  2 adders (D:3)
  2 worms
  5 orcs (D:3)
  6 bats
  2 endoplasms (D:2)
  3 giant cockroaches
  A hobgoblin (D:3)
  2 ball pythons (D:2)
  4 frilled lizards (D:3)
  6 goblins (D:3)
  4 kobolds
  A rat (D:3)
47 creatures vanquished.

Vanquished Creatures (others)
  2 fungi (D:1)
  12 plants
14 creatures vanquished.

Grand Total: 61 creatures vanquished

Notes
Turn   | Place    | Note
-------+----------+-------------------------------------------
     0 | D:1      | qw the Gargoyle Fighter began the quest for the Orb.
     0 | D:1      | Reached XP level 1. HP: 14/14 MP: 1/1
     0 | D:1      | 0 ||| qw: Version: 0.2-a-13-gfc7b4b4
     0 | D:1      | 0 ||| qw: Game counter: 1906
     0 | D:1      | 0 ||| qw: Always use a shield: true
     0 | D:1      | 0 ||| qw: God list: Okawaru
     0 | D:1      | 0 ||| qw: Allow faded altars: false
     0 | D:1      | 0 ||| qw: Do Orc after D:15 true
     0 | D:1      | 0 ||| qw: Do second Lair branch before Depths: true
     0 | D:1      | 0 ||| qw: Lair rune preference: random
     0 | D:1      | 0 ||| qw: Plans: Normal, Zot:1-4, God:TSO, Crypt, Tomb,
                  | Pan, Slime:5, Hells, Abyss, Orb
     0 | D:1      | 0 ||| PLANNING D:1-11
    66 | D:1      | Reached skill level 2 in Axes
   209 | D:1      | 209 ||| DROPPING +0 club.
   379 | D:1      | Reached XP level 2. HP: 19/19 MP: 2/2
   446 | D:1      | 446 ||| DROPPING +0 whip.
   538 | D:1      | Found a faded altar of an unknown god.
   543 | D:1      | 543 ||| READING scroll labelled KYSTRI BIOGH.
   544 | D:1      | 544 ||| READING scroll labelled MELIAL APIZA.
   545 | D:1      | 545 ||| READING scroll labelled HINAMAI DEETTO.
   546 | D:1      | 546 ||| READING scroll labelled BUMENE NOOSU.
   760 | D:2      | 760 ||| Stepping ~*~*~tactically~*~*~ (stealth).
   829 | D:2      | 829 ||| DROPPING +0 flail.
  1006 | D:2      | 1006 ||| UPGRADING to +0 chain mail.
  1016 | D:2      | 1016 ||| DROPPING +0 scale mail.
  1017 | D:2      | 1017 ||| READING scroll labelled VOCWEO BEIMA.
  1018 | D:2      | 1018 ||| READING 3 scrolls labelled RYKHUSM PUFY.
  1019 | D:2      | 1019 ||| READING 2 scrolls of identify.
  1019 | D:2      | 1019 ||| IDENTIFYING black potion
  1040 | D:3      | 1040 ||| STAIRDANCE
  1046 | D:2      | Reached skill level 3 in Axes
  1102 | D:3      | 1102 ||| Stepping ~*~*~tactically~*~*~ (stealth).
  1111 | D:3      | Reached XP level 3. HP: 22/23 MP: 3/3
  1130 | D:3      | 1130 ||| Stepping ~*~*~tactically~*~*~ (stealth).
  1134 | D:3      | 1134 ||| Stepping ~*~*~tactically~*~*~ (stealth).
  1135 | D:3      | 1135 ||| Stepping ~*~*~tactically~*~*~ (stealth).
  1167 | D:3      | Reached skill level 4 in Axes
  1167 | D:3      | Reached XP level 4. HP: 14/28 MP: 4/4
  1195 | D:3      | 1195 ||| FLEEEEING.
  1196 | D:3      | 1196 ||| FLEEEEING.
  1197 | D:3      | 1197 ||| FLEEEEING.
  1199 | D:3      | 1199 ||| FLEEEEING.
  1200 | D:3      | 1200 ||| FLEEEEING.
  1201 | D:3      | 1201 ||| FLEEEEING.
  1202 | D:3      | 1202 ||| FLEEEEING.
  1203 | D:3      | 1203 ||| FLEEEEING.
  1204 | D:3      | 1204 ||| FLEEEEING.
  1205 | D:3      | 1205 ||| FLEEEEING.
  1206 | D:3      | 1206 ||| FLEEEEING.
  1208 | D:3      | 1208 ||| FLEEEEING.
  1209 | D:3      | 1209 ||| FLEEEEING.
  1210 | D:3      | 1210 ||| FLEEEEING.
  1211 | D:3      | 1211 ||| FLEEEEING.
  1212 | D:3      | 1212 ||| FLEEEEING.
  1213 | D:3      | 1213 ||| FLEEEEING.
  1296 | D:3      | 1296 ||| Stepping ~*~*~tactically~*~*~ (stealth).
  1297 | D:3      | 1297 ||| Stepping ~*~*~tactically~*~*~ (stealth).
  1379 | D:3      | 1379 ||| Stepping ~*~*~tactically~*~*~ (stealth).
  1381 | D:3      | 1381 ||| Stepping ~*~*~tactically~*~*~ (hiding).
  1383 | D:3      | 1383 ||| Stepping ~*~*~tactically~*~*~ (hiding).
  1388 | D:3      | Noticed Natasha
  1401 | D:3      | Reached XP level 5. HP: 13/32 MP: 5/5
  1403 | D:3      | HP: 8/32 [hobgoblin (2)]
  1404 | D:3      | 1404 ||| READING scroll of teleportation.
  1405 | D:3      | 1405 ||| DRINKING potion of heal wounds.
  1440 | D:3      | HP: 2/32 [Natasha/magic dart (9)]
  1443 | D:3      | Killed Natasha
  1583 | D:3      | Noticed Natasha
  1584 | D:3      | 1584 ||| Stepping ~*~*~tactically~*~*~ (stealth).
  1591 | D:3      | Killed Natasha
  1592 | D:3      | Reached skill level 5 in Axes
  1595 | D:3      | 1595 ||| DROPPING +0 flail of protection.
  1627 | D:3      | Found an iron altar of Okawaru.
  1628 | D:3      | 1628 ||| PLANNING OKAWARU WORSHIP
  1628 | D:3      | 1628 ||| READING scroll labelled ATIRUO CITHRO.
  1629 | D:3      | 1629 ||| READING scroll labelled YDAASA COSOUJA.
  1630 | D:3      | 1630 ||| READING scroll labelled XAXZIU JYMU.
  1631 | D:3      | 1631 ||| READING scroll labelled ZUX DIAROSTI.
  1632 | D:3      | 1632 ||| DRINKING 2 glowing amethyst potions.
  1666 | D:3      | 1666 ||| Stepping ~*~*~tactically~*~*~ (hiding).
  1667 | D:3      | 1667 ||| Stepping ~*~*~tactically~*~*~ (hiding).
  1779 | D:3      | Became a worshipper of Warmaster Okawaru
  1780 | D:3      | 1780 ||| PLANNING D:1-11
  1789 | D:3      | Noticed Natasha
  1797 | D:3      | Killed Natasha
  2044 | D:3      | Noticed Jessica
  2045 | D:3      | 2045 ||| Stepping ~*~*~tactically~*~*~ (hiding).
  2053 | D:3      | Killed Jessica
  2054 | D:3      | Reached XP level 6. HP: 38/38 MP: 6/6
  2318 | D:4      | Noticed Sigmund
  2319 | D:4      | 2319 ||| Stepping ~*~*~tactically~*~*~ (hiding).
  2331 | D:4      | HP: 9/38 [Sigmund/+1 scythe of protection (2)]
  2332 | D:4      | Slain by Sigmund

Levels and vault maps discovered:
D:1:      lightli_arrival_lavapool, layout_basic,
          shapermc_ecumenical_altar_hornbeckon, minmay_pentomino_r2
D:2:      layout_rooms
D:3:      layout_basic, mainiacjoe_overflow_small_starburst, grunt_ministairs_9,
          nicolae_grassy_gnolls, uniq_natasha, uniq_jessica
D:4:      layout_gridville, nicolae_qazlal_eye_of_the_storm,
          gammafunk_temple_overflow_claw, temple_green, minmay_distorted,
          uniq_sigmund

Skill      XL: |  1  2  3  4  5 |
---------------+----------------+-----
Axes           | 2 3 4 5 |  5.1
Fighting       | 4 |  4.3
Armour         | |  3.2
Shields        | |  3.2

Action                   |  1- 3 |  4- 6 || total
-------------------------+-------+-------++-------
Melee: War axe           |    57 |   111 ||   168
  Use: Scroll            |     7 |     5 ||    12
       Potion            |       |     2 ||     2
Armor: Scale mail        |    23 |       ||    23
       Chain mail        |    12 |    85 ||    97
       Skin              |       |     1 ||     1
Dodge: Dodged            |    18 |    48 ||    66
Block: Buckler           |    15 |    18 ||    33

Table legend:
 A = Non-vault XP
 B = Vault XP
 C = Vault XP percentage of total XP
 D = Non-vault monster count
 E = Vault monster count
 F = Vault count percentage of total count
                 A         B        C        D         E       F
            +---------+---------+-------+---------+---------+-------
      Total |     208 |     138 |  39.9 |      37 |      10 |  21.3
            +---------+---------+-------+---------+---------+-------
        D:1 |       7 |       4 |  36.4 |       5 |       2 |  28.6
        D:2 |      12 |       5 |  29.4 |       7 |       1 |  12.5
        D:3 |     184 |     129 |  41.2 |      24 |       7 |  22.6
        D:4 |       5 |       0 |   0.0 |       1 |       0 |   0.0
            +---------+---------+-------+---------+---------+-------
